 Dungeon Crawl Stone Soup version 0.29-a0-369-gd956c00756 (webtiles) character file.

Game seed: 14026943612409502513

385 holysushi the Cutter (level 7, 0/44 HPs)
             Began as a Kobold Monk on May 1, 2022.
             Splashed by a jelly's acid (3 damage)
             ... on level 4 of the Dungeon.
             The game lasted 00:04:20 (4314 turns).

holysushi the Cutter (Kobold Monk)                  Turns: 4314, Time: 00:04:21

Health: 0/44       AC: -8    Str: 15    XL:     7   Next: 6%
Magic:  7/7        EV: 16    Int: 13    God:
Gold:   85         SH:  0    Dex: 19    Spells: 6/6 levels left

rFire   . . .      SeeInvis .   n - +1 dagger (venom)
rCold   . . .      Faith    .   (no shield)
rNeg    . . .      Spirit   .   b - +0 robe
rPois   .          Reflect  .   (helmet restricted)
rElec   .          Harm     .   j - +0 cloak
rCorr   .          Rampage  .   l - +0 pair of gloves
Will    .....                   (no boots)
Stlth   ++++......              (no amulet)
HPRegen 0.14/turn               e - +6 ring of strength
MPRegen 0.10/turn               (no ring)

@: corroded, attractive, invisible, unable to read
A: small, no large weapons, nightstalker 3, antennae 1, clever 1, inability to
read while threatened, noise suppression
a: no special abilities


You were on level 4 of the Dungeon.
You visited 1 branch of the dungeon, and saw 4 of its levels.

You collected 113 gold pieces.
You spent 28 gold pieces at shops.

Inventory:

Hand Weapons
 a - a +0 short sword
 n - a +1 dagger of venom (weapon)
Missiles
 k - a throwing net (quivered)
Armour
 b - a +0 robe (worn)
 j - a +0 cloak (worn)
 l - a +0 pair of gloves (worn)
Jewellery
 e - a +6 ring of strength (left hand)
Scrolls
 d - 3 scrolls of torment
 f - a scroll of teleportation
 h - a scroll of immolation
 i - 2 scrolls of vulnerability
 m - a scroll of magic mapping {unknown}
 p - a scroll of fog
Potions
 c - 2 potions of ambrosia
 o - a potion of brilliance
 r - a potion of attraction


   Skills:
 + Level 5.1 Fighting
 + Level 7.7 Short Blades
 * Level 3.6 Dodging
 + Level 4.6 Stealth


You had 6 spell levels left.
You didn't know any spells.
Your spell library contained the following spells:

 Spells                   Type           Power      Damage    Failure   Level
 Cause Fear               Hex            0%         N/A       97%         4
 Dragon Form              Tmut           0%         N/A       100%        7
 Dragon's Call            Summ           0%         N/A       100%        9


Dungeon Overview and Level Annotations

Branches:
Dungeon (4/15)
 Temple: D:4-7

Altars:

Shops:
D:3 *

Annotations:
D:3 2 transporters


Innate Abilities, Weirdness & Mutations

You are small and have problems with some larger weapons.
You are completely attuned to the shadows.
You have a pair of small antennae on your head.
Your mind is acute. (Int +2)
You sometimes lose the ability to read scrolls when taking damage.
You passively dampen the noise of your surroundings.


Message History

The jelly is moderately wounded.
The jelly misses you.
You hit the jelly but do no damage.
Your hands burn!
The jelly is moderately wounded.
The jelly misses you.
You hit the jelly but do no damage.
Your hands burn!
You feel threatened and lose the ability to read scrolls!
The jelly is moderately wounded.
You aren't carrying any items that you can evoke.
You cannot read scrolls in your current state!
Unknown command.
You cannot read scrolls in your current state!
You cannot read scrolls in your current state!
You cannot read scrolls in your current state!
Unknown command.
It was a potion of invisibility.
You fade into invisibility!
The jelly misses you.
Okay, then.
You hit the jelly.
Your hands burn!
You punch the jelly, but do no damage.
The jelly is heavily wounded.
The jelly hits you.
You are splashed with acid.
You hit the jelly but do no damage.
Your hands burn!
The jelly is heavily wounded.
The jelly completely misses you.
It was a potion of curing.
You feel better. The jelly barely misses you.
It was a potion of attraction.
You feel attractive to monsters. The jelly barely misses you.
You aren't carrying any items that you can evoke.
You hit the jelly but do no damage. The acid corrodes you!
Your hands burn!
The jelly is heavily wounded.
You hit the jelly but do no damage.
Your hands burn!
The jelly is heavily wounded.
The jelly hits you.
* * * LOW HITPOINT WARNING * * *
You are splashed with acid!
* * * LOW HITPOINT WARNING * * *
You hit the jelly but do no damage.
Your hands burn!
You die...

#.# #.#
#.# #.#
#.# #.#
#.####
##.....
#.@J...
###.#####
#.....#
#.#####
#. #. #.


You could see a jelly.

Vanquished Creatures
  Sigmund (D:2)
  A black bear (D:3)
  An orc priest (D:3)
  Jessica (D:2)
  An orc wizard (D:3)
  Terence (D:2)
  3 worms
  An orc (D:3)
  2 ball pythons (D:2)
  An endoplasm (D:3)
  3 goblins
  2 hobgoblins (D:2)
  6 jackals
  5 kobolds
  A quokka (D:3)
  3 bats (D:1)
  A frilled lizard (D:2)
  4 rats
38 creatures vanquished.

Notes
Turn   | Place    | Note
-------+----------+-------------------------------------------
     0 | D:1      | holysushi the Kobold Monk began the quest for the Orb.
     0 | D:1      | Reached XP level 1. HP: 14/14 MP: 1/1
   379 | D:1      | Found a faded altar of an unknown god.
   415 | D:1      | Reached XP level 2. HP: 19/19 MP: 2/2
  1032 | D:2      | Noticed Jessica
  1046 | D:2      | Killed Jessica
  1047 | D:2      | Reached skill level 5 in Short Blades
  1047 | D:2      | Reached XP level 3. HP: 17/24 MP: 3/3
  1459 | D:2      | Noticed Terence
  1472 | D:2      | Killed Terence
  1473 | D:2      | Reached XP level 4. HP: 20/29 MP: 4/4
  1783 | D:2      | HP: 1/29 [poisoned by a kobold]
  2255 | D:2      | Noticed Sigmund
  2518 | D:2      | Gained mutation: Your flesh is heat resistant. (rF+)
                  | [potion of mutation]
  2518 | D:2      | Gained mutation: You have a pair of small antennae on your
                  | head. [potion of mutation]
  2519 | D:2      | Lost mutation: You have a pair of small antennae on your
                  | head. [potion of mutation]
  2519 | D:2      | Lost mutation: Your flesh is heat resistant. (rF+) [potion
                  | of mutation]
  2519 | D:2      | Gained mutation: You sometimes lose the ability to read
                  | scrolls when taking damage. [potion of mutation]
  2519 | D:2      | Gained mutation: You have a pair of small antennae on your
                  | head. [potion of mutation]
  2519 | D:2      | Gained mutation: You passively dampen the noise of your
                  | surroundings. [potion of mutation]
  2519 | D:2      | Gained mutation: Your mind is acute. (Int +2) [potion of
                  | mutation]
  2536 | D:2      | Killed Sigmund
  2537 | D:2      | Reached skill level 7 in Short Blades
  2537 | D:2      | Reached XP level 5. HP: 22/34 MP: 5/5
  2537 | D:2      | Reached XP level 6. HP: 25/39 MP: 6/6
  2899 | D:3      | Noticed a black bear
  2918 | D:3      | Killed a black bear
  3271 | D:3      | Reached skill level 5 in Fighting
  3277 | D:3      | Reached XP level 7. HP: 21/44 MP: 7/7
  3593 | D:3      | Found a transporter.
  3608 | D:3      | Identified the +1 kite shield of Parts Unknown {Int+2}
  3829 | D:3      | Found Goekhl Ytun's General Store.
  3833 | D:3      | Bought a scroll of fog for 28 gold pieces
  4033 | D:3      | Found a transporter.
  4314 | D:4      | Splashed by a jelly's acid

Illustrated notes

Levels and vault maps discovered:
D:1:      lemuel_arrival_muddy, layout_loops_corners,
          hellmonk_ecumenical_altar_zigzags
D:2:      minmay_general_purpose_star, layout_basic,
          minmay_randomly_rotated_circles, uniq_sigmund, uniq_terence,
          uniq_jessica
D:3:      layout_loops_ring, serial_shops, nicolae_diamond_shop,
          gammafunk_ghost_gnarly_gnolls
D:4:      dreamdust_elfheim, layout_basic, minmay_manual_mares, uniq_ijyb

Skill      XL: |  1  2  3  4  5  6 |
---------------+-------------------+-----
Short Blades   | 5 7 |  7.7
Fighting       | 4 5 |  5.1
Stealth        | 3 4 |  4.6
Dodging        | |  3.6

Action                   |  1- 3 |  4- 6 |  7- 9 || total
-------------------------+-------+-------+-------++-------
Melee: Short sword       |    50 |    13 |       ||    63
       Dagger            |       |    49 |    31 ||    80
       Punch             |       |     2 |     2 ||     4
  Use: Potion            |       |     3 |     3 ||     6
       Scroll            |       |     2 |     4 ||     6
 Stab: Sleeping          |     7 |     4 |     3 ||    14
       Distracted        |       |     1 |       ||     1
Armor: Robe              |     2 |     7 |     3 ||    12
Dodge: Dodged            |    26 |    29 |    23 ||    78

Table legend: (Time is in decaauts)
 A = Elapsed time spent in this place.
 B = Non-inter-level travel time spent in this place.
 C = Inter-level travel time spent in this place.
 D = Time resting spent in this place.
 E = Time spent auto-exploring this place.
 F = Levels seen in this place.
 G = Mean time per level.
                   A        B        C        D        E       F      G
               +--------+--------+--------+--------+--------+-----+--------+
         Total |   4281 |   4127 |    154 |   1004 |   2667 |   4 | 1070.2 |
       Dungeon |   4281 |   4127 |    154 |   1004 |   2667 |   4 | 1070.2 |
               +--------+--------+--------+--------+--------+-----+--------+

Top non-repeatable levels by time:
     D:2: 1819 daAuts
     D:3: 1369 daAuts
     D:1: 1032 daAuts
     D:4: 60 daAuts
